Rangers vs Penguins

Created - 19 octobre 2021 at 12:48

Goals
1 2 3 OT1 T
Rangers 1 2 0 1 4
Penguins 0 1 2 0 3
Shots
1 2 3 OT1 T
Rangers 7 23 10 2 42
Penguins 12 16 12 0 40

1st period

1. Rangers , Pierre-Edouard Bellemare 1 (Riley Sheahan 1, Alex Nedeljkovic) at 2:54

Penalties :
No Penalty

2nd period

2. Rangers , Roope Hintz 1 (Kyle Connor 1, Brayden Schenn 1) at 17:55 (PP)
3. Rangers , Tyler Motte 1 (Jordan Kyrou 1, Nick Leddy 1) at 18:30
4. Penguins , J.T. Miller 1 (Tomas Tatar 1, Jesse Puljujarvi 1) at 19:19

Penalties :
Carter Verhaeghe (NYR) for Slashing (Minor) at 2:25, Patric Hornqvist (PIT) for Roughing (Minor) at 9:13, Tyler Myers (PIT) for Hooking (Minor) at 17:39

3rd period

5. Penguins , Charlie Coyle 1 (Joel Armia 1) at 4:15
6. Penguins , Patric Hornqvist 1 (Dmitry Orlov 1, Jesse Puljujarvi 2) at 4:51 (PP)

Penalties :
Rasmus Andersson (NYR) for Boarding (Minor) at 4:18, Tyler Myers (PIT) for Holding (Minor) at 13:41, Erik Karlsson (NYR) for High sticking (Minor) at 15:54, Riley Sheahan (NYR) for Hooking (Minor) at 17:22

Overtime #1

7. Rangers , Nazem Kadri 2 (Jack Roslovic 2) at 2:27

Penalties :
No Penalty

Goalie Stats

Alex Nedeljkovic (NYR), 37 saves from 40 shots - (0,925), W, 1-0-0, 62:27 minutes
Tuukka Rask (PIT), 38 saves from 42 shots - (0,905), OTL, 0-0-1, 62:27 minutes

Players Stats for Rangers

Player Name              G  A  P  +/- PIM S  H  SB GA TA FO     MP     PP MP  PK MP  
------------------------------------------------------------------------------------
Adam Pelech              0  0  0   0  0   0  1  0  0  2  0/0    20:01   0:00   2:01 
Brayden Schenn           0  1  1  -1  0   0  3  0  0  0  15/23  20:28   1:54   1:25 
Brenden Dillon           0  0  0   0  0   0  1  2  0  1  0/0    20:41   0:00   2:01 
Carl Gunnarsson          0  0  0   0  0   0  0  0  0  1  0/0     9:46   0:27   3:58 
Carter Verhaeghe         0  0  0   1  2   3  3  1  1  0  0/0    16:10   1:45   0:00 
Erik Karlsson            0  0  0   0  2   1  0  0  0  0  0/0    22:01   2:03   0:01 
Jack Roslovic            0  1  1   2  0   3  4  1  0  0  0/1    17:14   1:45   0:00 
Jason Spezza             0  0  0   0  0   1  0  0  1  0  4/9    11:52   0:22   0:00 
Jordan Kyrou             0  1  1   0  0   2  0  1  0  0  0/0    11:01   0:00   0:00 
Kyle Connor              0  1  1  -1  0   7  1  0  1  0  2/3    19:45   1:54   0:37 
Nazem Kadri              1  0  1   2  0   4  3  0  0  0  13/18  17:13   1:45   0:00 
Nick Jensen              0  0  0   0  0   2  0  1  0  2  0/0    15:11   2:11   3:58 
Nick Leddy               0  1  1   1  0   1  0  0  0  1  0/0    20:26   1:36   0:00 
Oskar Sundqvist          0  0  0   0  0   4  0  0  1  0  0/0     9:09   0:00   1:15 
Pierre-Edouard Bellemare 1  0  1   0  0   4  3  0  1  0  3/6    12:06   0:52   3:34 
Rasmus Andersson         0  0  0   0  2   2  1  0  0  0  0/0    14:20   2:11   0:00 
Riley Sheahan            0  1  1   0  2   3  1  0  0  2  1/1     9:06   0:00   1:04 
Roope Hintz              1  0  1  -1  0   4  1  1  3  1  3/4    19:11   1:50   0:00 
Tyler Motte              1  0  1   0  0   1  1  0  0  0  0/0    15:06   0:35   3:30 

Players Stats for Penguins

Player Name              G  A  P  +/- PIM S  H  SB GA TA FO     MP     PP MP  PK MP  
------------------------------------------------------------------------------------
Auston Matthews          0  0  0  -1  0   4  1  0  1  0  10/20  20:07   3:26   0:00 
Cale Makar               0  0  0   0  0   0  1  1  1  1  0/0    23:50   3:54   1:59 
Chad Ruhwedel            0  0  0  -1  0   1  2  2  0  1  0/0    18:14   2:05   2:15 
Charlie Coyle            1  0  1   1  0   4  2  0  1  0  2/3     9:01   0:00   0:46 
Curtis Lazar             0  0  0   0  0   0  0  0  0  1  0/2    11:05   0:00   2:06 
Dmitry Orlov             0  1  1   0  0   0  3  0  0  1  0/0    22:22   3:54   0:12 
Ethan Bear               0  0  0  -2  0   3  1  1  0  0  0/0    25:32   2:05   0:54 
J.T. Miller              1  0  1   0  0   7  0  1  2  0  10/27  19:38   3:26   0:00 
Jeremy Lauzon            0  0  0   0  0   0  0  1  0  0  0/0     5:06   0:00   0:00 
Jesse Puljujarvi         0  2  2   0  0   0  2  0  0  0  0/1    18:07   2:30   0:00 
Joel Armia               0  1  1   1  0   4  0  0  0  0  0/0     9:34   0:03   0:00 
Lawson Crouse            0  0  0   1  0   0  2  0  0  0  0/2    11:41   0:06   2:24 
Matt Tennyson            0  0  0   1  0   0  0  0  0  1  0/0     9:04   0:00   2:08 
Mikael Granlund          0  0  0  -1  0   3  2  1  0  0  0/1    22:33   3:26   1:43 
Patric Hornqvist         1  0  1  -2  2   7  1  0  1  0  0/1    19:56   2:30   0:00 
Sam Steel                0  0  0  -1  0   0  0  0  2  0  1/1    11:21   0:00   1:15 
Tomas Tatar              0  1  1   0  0   5  3  0  2  0  1/6    18:36   2:30   0:00 
Tyler Myers              0  0  0   1  4   0  2  4  0  3  0/0    18:31   0:00   1:00 
Vinnie Hinostroza        0  0  0   0  0   2  0  0  0  0  0/1     8:46   0:00   0:14 

3 Stars

1 - Nazem Kadri (NYR)
2 - Jack Roslovic (NYR)
3 - Pierre-Edouard Bellemare (NYR)

Power Play

Rangers - 1 on 3 Attempt(s) - 33,33%
Penguins - 1 on 4 Attempt(s) - 25,00%

Penalty Kill

Rangers - 3 on 4 Attempt(s) - 75,00% - Score 0 goal in Penalty Kill
Penguins - 2 on 3 Attempt(s) - 66,67% - Score 0 goal in Penalty Kill

Team Stat

Rangers - Hits : 23 - Faceoff Wins : 41 - Blocked Shots : 7 - Penalty Minutes : 8
Penguins - Hits : 22 - Faceoff Wins : 24 - Blocked Shots : 11 - Penalty Minutes : 6

Official

Referees : Michael Markovic and Peter MacDougall
Linesman : Glen Cooke and Kory Nagy

Game Notes

Jeremy Lauzon is injured at 15:48 of 1st period (Sprained Left Finger)

Finance

Level 1 -- Attendance: 5502 (91,70%) -- Ticket Income 467 670 $
Level 2 -- Attendance: 4554 (91,08%) -- Ticket Income 273 240 $
Level 3 -- Attendance: 1883 (94,15%) -- Ticket Income 65 905 $
Level 4 -- Attendance: 3796 (94,90%) -- Ticket Income 75 920 $
Luxury Box -- Attendance: 1000 (100,00%) -- Ticket Income 180 000 $
Game was played at the Consol Energy Center.
Total Attendance: 16735 (92,97%)
Total Ticket Income: 1 062 735 $
Other Income: 520 740 $
Total Income: 1 583 475 $

Rangers

5 vs 5 Forward 
   Center                   Left Wing                Right Wing               Time % Phy DF OF 
 1 Brayden Schenn           Kyle Connor              Roope Hintz              40     0   2  3  
 2 Nazem Kadri              Carter Verhaeghe         Jack Roslovic            30     0   2  3  
 3 Jason Spezza             Tyler Motte              Jordan Kyrou             20     0   2  3  
 4 Riley Sheahan            Pierre-Edouard Bellemare Oskar Sundqvist          10     0   4  1  

5 vs 5 Defense 
   Defense                  Defense                                           Time % Phy DF OF 
 1 Erik Karlsson            Brenden Dillon                                    38     0   3  2  
 2 Adam Pelech              Nick Leddy                                        32     0   3  2  
 3 Nick Jensen              Rasmus Andersson                                  20     0   3  2  
 4 Carl Gunnarsson          Rasmus Andersson                                  10     0   3  2  

PowerPlay Forward 
   Center                   Left Wing                Right Wing               Time % Phy DF OF 
 1 Brayden Schenn           Kyle Connor              Roope Hintz              60     1   2  2  
 2 Nazem Kadri              Carter Verhaeghe         Jack Roslovic            40     1   2  2  

PowerPlay Defense
   Defense                  Defense                                           Time % Phy DF OF 
 1 Erik Karlsson            Nick Leddy                                        60     1   2  2  
 2 Nick Jensen              Rasmus Andersson                                  40     1   2  2  

Penalty Kill 4 Players Forward 
   Center                   Wing                     Time % Phy DF OF 
 1 Pierre-Edouard Bellemare Tyler Motte              60     1   2  2  
 2 Riley Sheahan            Oskar Sundqvist          40     1   2  2  

Penalty Kill 4 Players Defense
   Defense                  Defense                  Time % Phy DF OF 
 1 Carl Gunnarsson          Nick Jensen              60     1   2  2  
 2 Brenden Dillon           Adam Pelech              40     1   2  2  

Penalty Kill - 3 Players Forward 
   Forward                                           Time % Phy DF OF 
 1 Pierre-Edouard Bellemare                          60     1   2  2  
 2 Riley Sheahan                                     40     1   2  2  

Penalty Kill - 3 Players Defense
   Defense                  Defense                  Time % Phy DF OF 
 1 Carl Gunnarsson          Nick Jensen              60     1   2  2  
 2 Brenden Dillon           Adam Pelech              40     1   2  2  

4 vs 4 Forward 
   Center                   Wing                     Time % Phy DF OF 
 1 Brayden Schenn           Kyle Connor              60     1   2  2  
 2 Roope Hintz              Nazem Kadri              40     1   2  2  

4 vs 4 Defense
   Defense                  Defense                  Time % Phy DF OF 
 1 Erik Karlsson            Adam Pelech              60     1   2  2  
 2 Brenden Dillon           Nick Leddy               40     1   2  2  

Last Minutes Offensive
   Center                   Left Wing                Right Wing               Defense                  Defense                  
   Brayden Schenn           Kyle Connor              Roope Hintz              Erik Karlsson            Nick Leddy               

Last Minutes Defensive
   Center                   Left Wing                Right Wing               Defense                  Defense                  
   Pierre-Edouard Bellemare Tyler Motte              Oskar Sundqvist          Carl Gunnarsson          Nick Jensen              

Goaltenders
Starting : Alex Nedeljkovic         
Backup : Philipp Grubauer         

Extra Forwards
Normal : Jack Roslovic, Carter Verhaeghe, Riley Sheahan - PP : Jack Roslovic, Carter Verhaeghe - PK : Riley Sheahan
Extra Defensemen
Normal : Erik Karlsson, Adam Pelech, Brenden Dillon - PP : Nick Jensen - PK : Carl Gunnarsson, Adam Pelech
Penalty Shots
Brayden Schenn, Kyle Connor, Roope Hintz, Nazem Kadri, Jason Spezza
Custom OT Lines Forwards
Brayden Schenn, Kyle Connor, Roope Hintz, Nazem Kadri, Jason Spezza, Jack Roslovic, Carter Verhaeghe, Tyler Motte, Riley Sheahan, Oskar Sundqvist
Custom OT Lines Defensemen
Erik Karlsson, Nick Leddy, Brenden Dillon, Rasmus Andersson, Nick Jensen

Scratches
Ben Harpur (Healthy)

Penguins

5 vs 5 Forward 
   Center                   Left Wing                Right Wing               Time % Phy DF OF 
 1 Auston Matthews          Patric Hornqvist         Mikael Granlund          33     0   1  4  
 2 J.T. Miller              Tomas Tatar              Jesse Puljujarvi         33     0   2  3  
 3 Charlie Coyle            Lawson Crouse            Joel Armia               17     1   2  2  
 4 Vinnie Hinostroza        Sam Steel                Curtis Lazar             17     1   2  2  

5 vs 5 Defense 
   Defense                  Defense                                           Time % Phy DF OF 
 1 Tyler Myers              Cale Makar                                        33     1   3  1  
 2 Dmitry Orlov             Jeremy Lauzon                                     33     1   3  1  
 3 Ethan Bear               Chad Ruhwedel                                     24     1   3  1  
 4 Matt Tennyson            Ethan Bear                                        10     0   5  0  

PowerPlay Forward 
   Center                   Left Wing                Right Wing               Time % Phy DF OF 
 1 Auston Matthews          J.T. Miller              Mikael Granlund          60     0   0  5  
 2 Tomas Tatar              Patric Hornqvist         Jesse Puljujarvi         40     0   1  4  

PowerPlay Defense
   Defense                  Defense                                           Time % Phy DF OF 
 1 Dmitry Orlov             Cale Makar                                        60     0   1  4  
 2 Ethan Bear               Chad Ruhwedel                                     40     0   2  3  

Penalty Kill 4 Players Forward 
   Center                   Wing                     Time % Phy DF OF 
 1 Curtis Lazar             Lawson Crouse            60     1   4  0  
 2 Mikael Granlund          Charlie Coyle            40     1   4  0  

Penalty Kill 4 Players Defense
   Defense                  Defense                  Time % Phy DF OF 
 1 Tyler Myers              Jeremy Lauzon            60     1   4  0  
 2 Chad Ruhwedel            Matt Tennyson            40     1   4  0  

Penalty Kill - 3 Players Forward 
   Forward                                           Time % Phy DF OF 
 1 Curtis Lazar                                      60     1   2  2  
 2 Mikael Granlund                                   40     1   2  2  

Penalty Kill - 3 Players Defense
   Defense                  Defense                  Time % Phy DF OF 
 1 Tyler Myers              Jeremy Lauzon            60     1   2  2  
 2 Dmitry Orlov             Chad Ruhwedel            40     1   2  2  

4 vs 4 Forward 
   Center                   Wing                     Time % Phy DF OF 
 1 Auston Matthews          Charlie Coyle            60     1   2  2  
 2 J.T. Miller              Joel Armia               40     1   2  2  

4 vs 4 Defense
   Defense                  Defense                  Time % Phy DF OF 
 1 Tyler Myers              Dmitry Orlov             50     1   2  2  
 2 Cale Makar               Jeremy Lauzon            50     1   2  2  

Last Minutes Offensive
   Center                   Left Wing                Right Wing               Defense                  Defense                  
   Auston Matthews          J.T. Miller              Patric Hornqvist         Tyler Myers              Cale Makar               

Last Minutes Defensive
   Center                   Left Wing                Right Wing               Defense                  Defense                  
   Mikael Granlund          Lawson Crouse            Curtis Lazar             Tyler Myers              Jeremy Lauzon            

Goaltenders
Starting : Tuukka Rask              
Backup : Jack Campbell            

Extra Forwards
Normal : Lawson Crouse, Joel Armia, Curtis Lazar - PP : Lawson Crouse, Joel Armia - PK : Curtis Lazar
Extra Defensemen
Normal : Ethan Bear, Chad Ruhwedel, Matt Tennyson - PP : Ethan Bear - PK : Chad Ruhwedel, Matt Tennyson
Penalty Shots
Auston Matthews, J.T. Miller, Mikael Granlund, Patric Hornqvist, Tomas Tatar
Custom OT Lines Forwards
Auston Matthews, J.T. Miller, Mikael Granlund, Patric Hornqvist, Tomas Tatar, Sam Steel, Lawson Crouse, Joel Armia, Curtis Lazar, Jesse Puljujarvi
Custom OT Lines Defensemen
Cale Makar, Tyler Myers, Dmitry Orlov, Jeremy Lauzon, Ethan Bear

Scratches
Sam Carrick (Healthy)

% Time on Ice - Rangers

Lines # - Real PCT - Wanted PCT - Time Play
Normal Forward
1 - 33% - 40% - 16:36
2 - 29% - 30% - 14:18
3 - 22% - 20% - 11:01
4 - 16% - 10% - 7:52
Normal Defense
1 - 38% - 38% - 19:06
2 - 35% - 32% - 17:21
3 - 18% - 20% - 8:49
4 - 9% - 10% - 4:31
PP Forward
1 - 59% - 60% - 2:29
2 - 41% - 40% - 1:45
PP Defense
1 - 48% - 60% - 2:03
2 - 52% - 40% - 2:11
PK Forward
1 - 77% - 60% - 4:13
2 - 23% - 40% - 1:15
PK Defense
1 - 63% - 60% - 3:27
2 - 37% - 40% - 2:01
PK3 Forward
1 - 100% - 60% - 0:31
2 - 0% - 40% - 0:00
PK3 Defense
1 - 100% - 60% - 0:31
2 - 0% - 40% - 0:00
44 Forward
1 - 0% - 60%
2 - 0% - 40%
44 Defense
1 - 0% - 60%
2 - 0% - 40%
Last Minute Offensive  - 0:00
Last Minute Defensive  - 0:00
Total
Forward - 60:00
Defense - 60:00

% Time on Ice - Penguins

Lines # - Real PCT - Wanted PCT - Time Play
Normal Forward
1 - 35% - 33% - 17:23
2 - 31% - 33% - 15:37
3 - 17% - 17% - 8:15
4 - 17% - 17% - 8:32
Normal Defense
1 - 35% - 33% - 17:17
2 - 34% - 33% - 16:53
3 - 22% - 24% - 10:47
4 - 10% - 10% - 4:50
PP Forward
1 - 58% - 60% - 3:29
2 - 42% - 40% - 2:30
PP Defense
1 - 65% - 60% - 3:54
2 - 35% - 40% - 2:05
PK Forward
1 - 82% - 60% - 3:28
2 - 18% - 40% - 0:46
PK Defense
1 - 72% - 60% - 3:04
2 - 28% - 40% - 1:10
PK3 Forward
1 - 0% - 60%
2 - 0% - 40%
PK3 Defense
1 - 0% - 60%
2 - 0% - 40%
44 Forward
1 - 0% - 60%
2 - 0% - 40%
44 Defense
1 - 0% - 50%
2 - 0% - 50%
Last Minute Offensive  - 0:00
Last Minute Defensive  - 0:00
Total
Forward - 60:00
Defense - 60:00

Play-by-Play

1st period


0:01 of 1st period - Auston Matthews wins face-off versus Brayden Schenn in neutral zone.
0:33 of 1st period - Tyler Myers is hit by Brayden Schenn and loses puck.
0:40 of 1st period - Snap shot by Roope Hintz.
0:40 of 1st period - Stopped by Tuukka Rask with a rebound.
0:42 of 1st period - Snap shot by Brayden Schenn.
0:42 of 1st period - Shot Misses the Net.
1:22 of 1st period - Slapshot by Kyle Connor.
1:22 of 1st period - Shot Blocked by Tyler Myers.
1:24 of 1st period - Slapshot by Erik Karlsson.
1:24 of 1st period - Shot Misses the Net.
1:44 of 1st period - Snap shot by Roope Hintz.
1:44 of 1st period - Shot Blocked by Tyler Myers.
1:46 of 1st period - Slapshot by Kyle Connor.
1:46 of 1st period - Deflect By Tyler Myers.
1:46 of 1st period - Shot Misses the Net.
1:46 of 1st period - Puck is out of play.
1:47 of 1st period - J.T. Miller wins face-off versus Nazem Kadri in Penguins zone.
2:18 of 1st period - Wrist shot by Patric Hornqvist.
2:18 of 1st period - Shot Misses the Net.
2:54 of 1st period - Wrist shot by Pierre-Edouard Bellemare.
2:54 of 1st period - Goal by Pierre-Edouard Bellemare - Rangers : 1 - Penguins : 0.
2:55 of 1st period - Nazem Kadri wins face-off versus Tomas Tatar in neutral zone.
3:08 of 1st period - Wrist shot by J.T. Miller.
3:08 of 1st period - Stopped by Alex Nedeljkovic with a rebound.
3:29 of 1st period - Wrist shot by Patric Hornqvist.
3:29 of 1st period - Shot Misses the Net.
3:31 of 1st period - Wrist shot by Patric Hornqvist.
3:31 of 1st period - Shot Misses the Net.
3:53 of 1st period - Slapshot by Oskar Sundqvist.
3:53 of 1st period - Stopped by Tuukka Rask with a rebound.
4:07 of 1st period - Snap shot by Jack Roslovic.
4:07 of 1st period - Deflect By Carter Verhaeghe.
4:07 of 1st period - Deflect By Jeremy Lauzon.
4:07 of 1st period - Stopped by Tuukka Rask with a rebound.
4:37 of 1st period - Wrist shot by Tomas Tatar.
4:37 of 1st period - Stopped by Alex Nedeljkovic without a rebound.
4:38 of 1st period - Nazem Kadri wins face-off versus J.T. Miller in Rangers zone.
4:47 of 1st period - Jesse Puljujarvi is hit by Carter Verhaeghe and loses puck.
5:00 of 1st period - Tomas Tatar is hit by Rasmus Andersson and loses puck.
5:13 of 1st period - Wrist shot by J.T. Miller.
5:13 of 1st period - Stopped by Alex Nedeljkovic without a rebound.
5:14 of 1st period - Auston Matthews wins face-off versus Jason Spezza in Rangers zone.
5:15 of 1st period - Wrist shot by Patric Hornqvist.
5:15 of 1st period - Stopped by Alex Nedeljkovic with a rebound.
5:17 of 1st period - Backhand shot by Mikael Granlund.
5:17 of 1st period - Stopped by Alex Nedeljkovic with a rebound.
5:52 of 1st period - Brenden Dillon is hit by Mikael Granlund and loses puck.
6:35 of 1st period - Snap shot by Auston Matthews.
6:35 of 1st period - Stopped by Alex Nedeljkovic with a rebound.
6:37 of 1st period - Snap shot by Auston Matthews.
6:37 of 1st period - Shot Misses the Net.
6:39 of 1st period - Wrist shot by Mikael Granlund.
6:39 of 1st period - Shot Hit the Post.
6:43 of 1st period - Snap shot by Auston Matthews.
6:43 of 1st period - Stopped by Alex Nedeljkovic with a rebound.
7:07 of 1st period - Snap shot by Patric Hornqvist.
7:07 of 1st period - Stopped by Alex Nedeljkovic without a rebound.
7:08 of 1st period - Brayden Schenn wins face-off versus J.T. Miller in Rangers zone.
7:35 of 1st period - Vinnie Hinostroza is hit by Nazem Kadri and loses puck.
7:42 of 1st period - Slapshot by Carter Verhaeghe.
7:42 of 1st period - Shot Misses the Net.
8:43 of 1st period - Tyler Myers is hit by Carter Verhaeghe and loses puck.
9:12 of 1st period - Snap shot by Vinnie Hinostroza.
9:12 of 1st period - Stopped by Alex Nedeljkovic with a rebound.
9:34 of 1st period - Rasmus Andersson is hit by Tyler Myers and loses puck.
9:51 of 1st period - Snap shot by Carter Verhaeghe.
9:51 of 1st period - Stopped by Tuukka Rask without a rebound.
9:52 of 1st period - Brayden Schenn wins face-off versus Tomas Tatar in Penguins zone.
10:20 of 1st period - Snap shot by J.T. Miller.
10:20 of 1st period - Deflect By Joel Armia.
10:20 of 1st period - Stopped by Alex Nedeljkovic with a rebound.
10:46 of 1st period - Snap shot by Auston Matthews.
10:46 of 1st period - Stopped by Alex Nedeljkovic with a rebound.
10:52 of 1st period - Wrist shot by Mikael Granlund.
10:52 of 1st period - Stopped by Alex Nedeljkovic with a rebound.
11:04 of 1st period - Snap shot by Oskar Sundqvist.
11:04 of 1st period - Shot Misses the Net.
12:24 of 1st period - Tyler Myers is hit by Pierre-Edouard Bellemare and loses puck.
14:22 of 1st period - Tyler Myers is hit by Pierre-Edouard Bellemare and loses puck.
14:27 of 1st period - Snap shot by Pierre-Edouard Bellemare.
14:27 of 1st period - Stopped by Tuukka Rask with a rebound.
14:31 of 1st period - Snap shot by Riley Sheahan.
14:31 of 1st period - Shot Misses the Net.
14:41 of 1st period - Jack Roslovic is hit by Tomas Tatar and loses puck.
15:46 of 1st period - Icing by Tomas Tatar.
15:47 of 1st period - Nazem Kadri wins face-off versus J.T. Miller in Penguins zone.
15:48 of 1st period - Snap shot by Jack Roslovic.
15:48 of 1st period - Shot Blocked by Jeremy Lauzon.
15:48 of 1st period - Jeremy Lauzon from Penguins is injured at 15:48 of 1st period (Sprained Left Finger).
15:49 of 1st period - Kyle Connor wins face-off versus J.T. Miller in Penguins zone.
16:16 of 1st period - Nazem Kadri is hit by Auston Matthews and loses puck.
16:26 of 1st period - Wrist shot by Nazem Kadri.
16:26 of 1st period - Shot Misses the Net.
17:00 of 1st period - Sam Steel is hit by Riley Sheahan and loses puck.
18:21 of 1st period - Snap shot by Roope Hintz.
18:21 of 1st period - Stopped by Tuukka Rask without a rebound.
18:22 of 1st period - J.T. Miller wins face-off versus Brayden Schenn in Penguins zone.
Goals for this period are 1 for Rangers vs 0 for Penguins.
Shots for this period are 7 for Rangers vs 12 for Penguins.

2nd period


0:01 of 2nd period - Auston Matthews wins face-off versus Brayden Schenn in neutral zone.
1:10 of 2nd period - Snap shot by Oskar Sundqvist.
1:10 of 2nd period - Shot Misses the Net.
1:12 of 2nd period - Snap shot by Pierre-Edouard Bellemare.
1:12 of 2nd period - Stopped by Tuukka Rask without a rebound.
1:13 of 2nd period - Roope Hintz wins face-off versus Charlie Coyle in Penguins zone.
1:14 of 2nd period - Snap shot by Kyle Connor.
1:14 of 2nd period - Stopped by Tuukka Rask with a rebound.
1:22 of 2nd period - Brenden Dillon is hit by Lawson Crouse and loses puck.
1:33 of 2nd period - Snap shot by Lawson Crouse.
1:33 of 2nd period - Shot Misses the Net.
1:35 of 2nd period - Wrist shot by Charlie Coyle.
1:35 of 2nd period - Stopped by Alex Nedeljkovic without a rebound.
1:36 of 2nd period - Auston Matthews wins face-off versus Jack Roslovic in Rangers zone.
1:49 of 2nd period - Snap shot by Patric Hornqvist.
1:49 of 2nd period - Deflect By Auston Matthews.
1:49 of 2nd period - Shot Blocked by Carter Verhaeghe.
1:49 of 2nd period - Puck is out of play.
1:50 of 2nd period - Brayden Schenn wins face-off versus J.T. Miller in Rangers zone.
1:50 of 2nd period - Brayden Schenn is hit by Tomas Tatar.
1:56 of 2nd period - Kyle Connor is hit by Jesse Puljujarvi.
2:23 of 2nd period - Wrist shot by Patric Hornqvist.
2:23 of 2nd period - Stopped by Alex Nedeljkovic with a rebound.
2:25 of 2nd period - Minor Penalty to Carter Verhaeghe for Slashing.
2:26 of 2nd period - Auston Matthews wins face-off versus Pierre-Edouard Bellemare in Rangers zone.
3:27 of 2nd period - Ethan Bear is hit by Pierre-Edouard Bellemare.
3:37 of 2nd period - Nick Jensen is hit by Dmitry Orlov and loses puck.
4:25 of 2nd period - Penalty to Carter Verhaeghe is over, Carter Verhaeghe is back on ice.
4:26 of 2nd period - Wrist shot by Kyle Connor.
4:26 of 2nd period - Stopped by Tuukka Rask without a rebound.
4:27 of 2nd period - Nazem Kadri wins face-off versus Lawson Crouse in Penguins zone.
4:28 of 2nd period - Snap shot by Jack Roslovic.
4:28 of 2nd period - Stopped by Tuukka Rask without a rebound.
4:29 of 2nd period - Nazem Kadri wins face-off versus Lawson Crouse in Penguins zone.
4:30 of 2nd period - Slapshot by Jack Roslovic.
4:30 of 2nd period - Shot Blocked by Mikael Granlund.
4:58 of 2nd period - Wrist shot by Kyle Connor.
4:58 of 2nd period - Stopped by Tuukka Rask with a rebound.
5:12 of 2nd period - Slapshot by Joel Armia.
5:12 of 2nd period - Stopped by Alex Nedeljkovic without a rebound.
5:13 of 2nd period - J.T. Miller wins face-off versus Jason Spezza in Rangers zone.
5:14 of 2nd period - Snap shot by Tomas Tatar.
5:14 of 2nd period - Stopped by Alex Nedeljkovic without a rebound.
5:15 of 2nd period - Tomas Tatar wins face-off versus Jason Spezza in Rangers zone.
5:16 of 2nd period - Wrist shot by J.T. Miller.
5:16 of 2nd period - Stopped by Alex Nedeljkovic with a rebound.
5:18 of 2nd period - Wrist shot by Tomas Tatar.
5:18 of 2nd period - Shot Misses the Net.
5:20 of 2nd period - Slapshot by J.T. Miller.
5:20 of 2nd period - Stopped by Alex Nedeljkovic without a rebound.
5:21 of 2nd period - J.T. Miller wins face-off versus Kyle Connor in Rangers zone.
5:54 of 2nd period - Snap shot by Nazem Kadri.
5:54 of 2nd period - Shot Misses the Net.
5:56 of 2nd period - Slapshot by Nick Leddy.
5:56 of 2nd period - Stopped by Tuukka Rask without a rebound.
5:57 of 2nd period - Auston Matthews wins face-off versus Brayden Schenn in Penguins zone.
5:57 of 2nd period - Auston Matthews is hit by Brayden Schenn.
6:07 of 2nd period - Wrist shot by Patric Hornqvist.
6:07 of 2nd period - Shot Misses the Net.
6:09 of 2nd period - Snap shot by Auston Matthews.
6:09 of 2nd period - Deflect By Patric Hornqvist.
6:09 of 2nd period - Stopped by Alex Nedeljkovic without a rebound.
6:10 of 2nd period - Brayden Schenn wins face-off versus J.T. Miller in Rangers zone.
6:35 of 2nd period - Mikael Granlund is hit by Jack Roslovic and loses puck.
6:42 of 2nd period - Slapshot by Chad Ruhwedel.
6:42 of 2nd period - Deflect By Erik Karlsson.
6:42 of 2nd period - Stopped by Alex Nedeljkovic without a rebound.
6:43 of 2nd period - Nazem Kadri wins face-off versus J.T. Miller in Rangers zone.
6:43 of 2nd period - Nazem Kadri is hit by Dmitry Orlov.
6:51 of 2nd period - Snap shot by Jack Roslovic.
6:51 of 2nd period - Stopped by Tuukka Rask without a rebound.
6:52 of 2nd period - Nazem Kadri wins face-off versus Tomas Tatar in Penguins zone.
7:48 of 2nd period - Ethan Bear is hit by Carter Verhaeghe and loses puck.
8:13 of 2nd period - Snap shot by Nazem Kadri.
8:13 of 2nd period - Stopped by Tuukka Rask without a rebound.
8:14 of 2nd period - Brayden Schenn wins face-off versus Auston Matthews in Penguins zone.
8:23 of 2nd period - Wrist shot by Kyle Connor.
8:23 of 2nd period - Stopped by Tuukka Rask with a rebound.
8:37 of 2nd period - Erik Karlsson is hit by Cale Makar and loses puck.
9:13 of 2nd period - Minor Penalty to Patric Hornqvist for Roughing.
9:14 of 2nd period - Nazem Kadri wins face-off versus Curtis Lazar in Penguins zone.
10:46 of 2nd period - Curtis Lazar is hit by Tyler Motte and loses puck.
11:13 of 2nd period - Penalty to Patric Hornqvist is over, Patric Hornqvist is back on ice.
11:40 of 2nd period - Carl Gunnarsson is hit by Ethan Bear and loses puck.
11:57 of 2nd period - Riley Sheahan is hit by Chad Ruhwedel and loses puck.
12:59 of 2nd period - Wrist shot by J.T. Miller.
12:59 of 2nd period - Stopped by Alex Nedeljkovic without a rebound.
13:00 of 2nd period - Nazem Kadri wins face-off versus J.T. Miller in Rangers zone.
13:10 of 2nd period - Off-side.
13:11 of 2nd period - J.T. Miller wins face-off versus Nazem Kadri in neutral zone.
13:13 of 2nd period - Off-side.
13:14 of 2nd period - J.T. Miller wins face-off versus Nazem Kadri in neutral zone.
13:21 of 2nd period - Wrist shot by Tomas Tatar.
13:21 of 2nd period - Stopped by Alex Nedeljkovic with a rebound.
13:28 of 2nd period - Off-side.
13:29 of 2nd period - Auston Matthews wins face-off versus Brayden Schenn in neutral zone.
13:34 of 2nd period - Snap shot by Mikael Granlund.
13:34 of 2nd period - Deflect By Patric Hornqvist.
13:34 of 2nd period - Shot Blocked by Roope Hintz.
13:34 of 2nd period - Puck is out of play.
13:35 of 2nd period - Brayden Schenn wins face-off versus Auston Matthews in Rangers zone.
13:40 of 2nd period - Slapshot by Erik Karlsson.
13:40 of 2nd period - Shot Misses the Net.
13:42 of 2nd period - Snap shot by Roope Hintz.
13:42 of 2nd period - Stopped by Tuukka Rask without a rebound.
13:43 of 2nd period - Roope Hintz wins face-off versus Auston Matthews in Penguins zone.
13:46 of 2nd period - Wrist shot by Roope Hintz.
13:46 of 2nd period - Shot Misses the Net.
14:12 of 2nd period - Ethan Bear is hit by Nazem Kadri and loses puck.
14:23 of 2nd period - Wrist shot by Mikael Granlund.
14:23 of 2nd period - Shot Misses the Net.
14:25 of 2nd period - Slapshot by Auston Matthews.
14:25 of 2nd period - Shot Blocked by Brenden Dillon.
14:27 of 2nd period - Wrist shot by Patric Hornqvist.
14:27 of 2nd period - Shot Misses the Net.
14:29 of 2nd period - Snap shot by Mikael Granlund.
14:29 of 2nd period - Deflect By Patric Hornqvist.
14:29 of 2nd period - Stopped by Alex Nedeljkovic with a rebound.
14:31 of 2nd period - Snap shot by Mikael Granlund.
14:31 of 2nd period - Deflect By Patric Hornqvist.
14:31 of 2nd period - Stopped by Alex Nedeljkovic with a rebound.
14:41 of 2nd period - Slapshot by Auston Matthews.
14:41 of 2nd period - Shot Blocked by Jack Roslovic.
14:43 of 2nd period - Slapshot by Ethan Bear.
14:43 of 2nd period - Stopped by Alex Nedeljkovic with a rebound.
14:45 of 2nd period - Wrist shot by Patric Hornqvist.
14:45 of 2nd period - Shot Blocked by Brenden Dillon.
14:47 of 2nd period - Slapshot by Ethan Bear.
14:47 of 2nd period - Stopped by Alex Nedeljkovic with a rebound.
15:09 of 2nd period - Slapshot by Nazem Kadri.
15:09 of 2nd period - Shot Misses the Net.
15:24 of 2nd period - Slapshot by Erik Karlsson.
15:24 of 2nd period - Shot Blocked by Chad Ruhwedel.
15:36 of 2nd period - Snap shot by Mikael Granlund.
15:36 of 2nd period - Stopped by Alex Nedeljkovic without a rebound.
15:37 of 2nd period - Brayden Schenn wins face-off versus J.T. Miller in Rangers zone.
15:42 of 2nd period - Snap shot by Kyle Connor.
15:42 of 2nd period - Shot Misses the Net.
16:04 of 2nd period - Jason Spezza is hit by Charlie Coyle and loses puck.
16:13 of 2nd period - Slapshot by Adam Pelech.
16:13 of 2nd period - Shot Misses the Net.
16:46 of 2nd period - Wrist shot by Pierre-Edouard Bellemare.
16:46 of 2nd period - Shot Misses the Net.
16:48 of 2nd period - Slapshot by Rasmus Andersson.
16:48 of 2nd period - Shot Blocked by Tyler Myers.
16:50 of 2nd period - Backhand shot by Nick Jensen.
16:50 of 2nd period - Stopped by Tuukka Rask with a rebound.
16:52 of 2nd period - Slapshot by Nick Jensen.
16:52 of 2nd period - Shot Misses the Net.
16:54 of 2nd period - Slapshot by Oskar Sundqvist.
16:54 of 2nd period - Stopped by Tuukka Rask with a rebound.
16:56 of 2nd period - Slapshot by Nick Jensen.
16:56 of 2nd period - Deflect By Riley Sheahan.
16:56 of 2nd period - Stopped by Tuukka Rask with a rebound.
16:58 of 2nd period - Slapshot by Pierre-Edouard Bellemare.
16:58 of 2nd period - Shot Blocked by Cale Makar.
17:00 of 2nd period - Wrist shot by Pierre-Edouard Bellemare.
17:00 of 2nd period - Shot Misses the Net.
17:02 of 2nd period - Slapshot by Pierre-Edouard Bellemare.
17:02 of 2nd period - Stopped by Tuukka Rask with a rebound.
17:12 of 2nd period - Wrist shot by Oskar Sundqvist.
17:12 of 2nd period - Shot Misses the Net.
17:14 of 2nd period - Slapshot by Nick Jensen.
17:14 of 2nd period - Stopped by Tuukka Rask with a rebound.
17:16 of 2nd period - Slapshot by Rasmus Andersson.
17:16 of 2nd period - Stopped by Tuukka Rask with a rebound.
17:18 of 2nd period - Slapshot by Riley Sheahan.
17:18 of 2nd period - Shot Misses the Net.
17:28 of 2nd period - Wrist shot by Oskar Sundqvist.
17:28 of 2nd period - Stopped by Tuukka Rask with a rebound.
17:30 of 2nd period - Snap shot by Riley Sheahan.
17:30 of 2nd period - Stopped by Tuukka Rask with a rebound.
17:32 of 2nd period - Snap shot by Riley Sheahan.
17:32 of 2nd period - Stopped by Tuukka Rask with a rebound.
17:39 of 2nd period - Minor Penalty to Tyler Myers for Hooking.
17:40 of 2nd period - Brayden Schenn wins face-off versus Mikael Granlund in Penguins zone.
17:55 of 2nd period - Slapshot by Roope Hintz.
17:55 of 2nd period - Goal by Roope Hintz - Rangers : 2 - Penguins : 0.
17:56 of 2nd period - Brayden Schenn wins face-off versus J.T. Miller in neutral zone.
18:13 of 2nd period - Brayden Schenn is hit by Dmitry Orlov and loses puck.
18:30 of 2nd period - Backhand shot by Jordan Kyrou.
18:30 of 2nd period - Deflect By Tyler Motte.
18:30 of 2nd period - Goal by Tyler Motte - Rangers : 3 - Penguins : 0.
18:31 of 2nd period - Brayden Schenn wins face-off versus J.T. Miller in neutral zone.
19:05 of 2nd period - Wrist shot by Jordan Kyrou.
19:05 of 2nd period - Stopped by Tuukka Rask without a rebound.
19:06 of 2nd period - Jason Spezza wins face-off versus Jesse Puljujarvi in Penguins zone.
19:07 of 2nd period - Wrist shot by Jordan Kyrou.
19:07 of 2nd period - Shot Misses the Net.
19:19 of 2nd period - Slapshot by J.T. Miller.
19:19 of 2nd period - Goal by J.T. Miller - Rangers : 3 - Penguins : 1.
19:20 of 2nd period - Roope Hintz wins face-off versus J.T. Miller in neutral zone.
19:33 of 2nd period - Wrist shot by Kyle Connor.
19:33 of 2nd period - Stopped by Tuukka Rask with a rebound.
19:57 of 2nd period - Backhand shot by J.T. Miller.
19:57 of 2nd period - Shot Hit the Post.
19:59 of 2nd period - Snap shot by J.T. Miller.
19:59 of 2nd period - Shot Misses the Net.
Goals for this period are 2 for Rangers vs 1 for Penguins.
Shots for this period are 23 for Rangers vs 16 for Penguins.

3rd period


0:01 of 3rd period - Brayden Schenn wins face-off versus J.T. Miller in neutral zone.
0:04 of 3rd period - Matt Tennyson is hit by Kyle Connor and loses puck.
0:29 of 3rd period - Off-side.
0:30 of 3rd period - Charlie Coyle wins face-off versus Jason Spezza in neutral zone.
0:35 of 3rd period - Tyler Motte is hit by Lawson Crouse and loses puck.
0:42 of 3rd period - Slapshot by Cale Makar.
0:42 of 3rd period - Shot Blocked by Jordan Kyrou.
0:48 of 3rd period - Snap shot by Jordan Kyrou.
0:48 of 3rd period - Stopped by Tuukka Rask with a rebound.
1:02 of 3rd period - Snap shot by Jason Spezza.
1:02 of 3rd period - Stopped by Tuukka Rask without a rebound.
1:03 of 3rd period - J.T. Miller wins face-off versus Brayden Schenn in Penguins zone.
1:18 of 3rd period - Slapshot by Kyle Connor.
1:18 of 3rd period - Shot Blocked by J.T. Miller.
1:20 of 3rd period - Snap shot by Kyle Connor.
1:20 of 3rd period - Stopped by Tuukka Rask without a rebound.
1:21 of 3rd period - Nazem Kadri wins face-off versus Auston Matthews in Penguins zone.
1:34 of 3rd period - Snap shot by Nazem Kadri.
1:34 of 3rd period - Shot Misses the Net.
1:36 of 3rd period - Slapshot by Erik Karlsson.
1:36 of 3rd period - Stopped by Tuukka Rask without a rebound.
1:37 of 3rd period - Brayden Schenn wins face-off versus J.T. Miller in Penguins zone.
1:53 of 3rd period - Off-side.
1:54 of 3rd period - Auston Matthews wins face-off versus Nazem Kadri in neutral zone.
1:54 of 3rd period - Patric Hornqvist is hit by Nazem Kadri and loses puck.
1:59 of 3rd period - Snap shot by Nazem Kadri.
1:59 of 3rd period - Stopped by Tuukka Rask without a rebound.
2:00 of 3rd period - Nazem Kadri wins face-off versus Auston Matthews in Penguins zone.
2:03 of 3rd period - Snap shot by Jack Roslovic.
2:03 of 3rd period - Deflect By Carter Verhaeghe.
2:03 of 3rd period - Stopped by Tuukka Rask without a rebound.
2:04 of 3rd period - Nazem Kadri wins face-off versus Auston Matthews in Penguins zone.
2:05 of 3rd period - Wrist shot by Jack Roslovic.
2:05 of 3rd period - Stopped by Tuukka Rask with a rebound.
2:07 of 3rd period - Snap shot by Carter Verhaeghe.
2:07 of 3rd period - Shot Blocked by Chad Ruhwedel.
2:49 of 3rd period - Snap shot by Nazem Kadri.
2:49 of 3rd period - Shot Misses the Net.
3:04 of 3rd period - Auston Matthews is hit by Jack Roslovic and loses puck.
3:15 of 3rd period - Snap shot by Jack Roslovic.
3:15 of 3rd period - Shot Misses the Net.
3:17 of 3rd period - Slapshot by Erik Karlsson.
3:17 of 3rd period - Shot Blocked by Ethan Bear.
3:19 of 3rd period - Snap shot by Nazem Kadri.
3:19 of 3rd period - Shot Misses the Net.
3:47 of 3rd period - Snap shot by Jack Roslovic.
3:47 of 3rd period - Shot Misses the Net.
3:49 of 3rd period - Slapshot by Nazem Kadri.
3:49 of 3rd period - Stopped by Tuukka Rask without a rebound.
3:50 of 3rd period - J.T. Miller wins face-off versus Brayden Schenn in Penguins zone.
4:03 of 3rd period - Backhand shot by Tomas Tatar.
4:03 of 3rd period - Stopped by Alex Nedeljkovic without a rebound.
4:04 of 3rd period - Charlie Coyle wins face-off versus Brayden Schenn in Rangers zone.
4:05 of 3rd period - Slapshot by Joel Armia.
4:05 of 3rd period - Stopped by Alex Nedeljkovic with a rebound.
4:07 of 3rd period - Wrist shot by Charlie Coyle.
4:07 of 3rd period - Shot Hit the Post.
4:09 of 3rd period - Snap shot by Charlie Coyle.
4:09 of 3rd period - Stopped by Alex Nedeljkovic with a rebound.
4:11 of 3rd period - Snap shot by Joel Armia.
4:11 of 3rd period - Stopped by Alex Nedeljkovic with a rebound.
4:13 of 3rd period - Slapshot by Joel Armia.
4:13 of 3rd period - Shot Misses the Net.
4:15 of 3rd period - Slapshot by Charlie Coyle.
4:15 of 3rd period - Goal by Charlie Coyle - Rangers : 3 - Penguins : 2.
4:16 of 3rd period - Kyle Connor wins face-off versus J.T. Miller in neutral zone.
4:18 of 3rd period - Minor Penalty to Rasmus Andersson for Boarding.
4:19 of 3rd period - Auston Matthews wins face-off versus Pierre-Edouard Bellemare in Rangers zone.
4:29 of 3rd period - Slapshot by J.T. Miller.
4:29 of 3rd period - Shot Blocked by Nick Jensen.
4:51 of 3rd period - Slapshot by Dmitry Orlov.
4:51 of 3rd period - Deflect By Patric Hornqvist.
4:51 of 3rd period - Goal by Patric Hornqvist - Rangers : 3 - Penguins : 3.
4:52 of 3rd period - J.T. Miller wins face-off versus Roope Hintz in neutral zone.
5:17 of 3rd period - Brayden Schenn is hit by Charlie Coyle and loses puck.
5:28 of 3rd period - Wrist shot by Charlie Coyle.
5:28 of 3rd period - Stopped by Alex Nedeljkovic without a rebound.
5:29 of 3rd period - Jason Spezza wins face-off versus J.T. Miller in Rangers zone.
5:29 of 3rd period - Jason Spezza is hit by Tomas Tatar.
6:05 of 3rd period - Snap shot by Nazem Kadri.
6:05 of 3rd period - Shot Misses the Net.
6:15 of 3rd period - Wrist shot by Oskar Sundqvist.
6:15 of 3rd period - Stopped by Tuukka Rask with a rebound.
6:21 of 3rd period - Snap shot by Riley Sheahan.
6:21 of 3rd period - Shot Misses the Net.
6:45 of 3rd period - Brayden Schenn is hit by Patric Hornqvist and loses puck.
7:06 of 3rd period - Off-side.
7:07 of 3rd period - Nazem Kadri wins face-off versus Vinnie Hinostroza in neutral zone.
7:14 of 3rd period - Slapshot by Rasmus Andersson.
7:14 of 3rd period - Stopped by Tuukka Rask with a rebound.
7:33 of 3rd period - Nick Jensen is hit by Jesse Puljujarvi.
7:39 of 3rd period - Slapshot by Tomas Tatar.
7:39 of 3rd period - Stopped by Alex Nedeljkovic with a rebound.
7:41 of 3rd period - Slapshot by Ethan Bear.
7:41 of 3rd period - Stopped by Alex Nedeljkovic without a rebound.
7:42 of 3rd period - J.T. Miller wins face-off versus Jason Spezza in Rangers zone.
10:15 of 3rd period - Off-side.
10:16 of 3rd period - Brayden Schenn wins face-off versus Auston Matthews in neutral zone.
10:19 of 3rd period - Dmitry Orlov is hit by Roope Hintz.
10:43 of 3rd period - Ethan Bear is hit by Brenden Dillon and loses puck.
11:23 of 3rd period - Matt Tennyson is hit by Brayden Schenn and loses puck.
11:38 of 3rd period - Snap shot by Vinnie Hinostroza.
11:38 of 3rd period - Stopped by Alex Nedeljkovic without a rebound.
11:39 of 3rd period - Jason Spezza wins face-off versus Patric Hornqvist in Rangers zone.
12:19 of 3rd period - Jordan Kyrou is hit by Mikael Granlund and loses puck.
12:32 of 3rd period - Jason Spezza is hit by Tyler Myers.
12:33 of 3rd period - Icing by Jason Spezza.
12:34 of 3rd period - Jason Spezza wins face-off versus J.T. Miller in Rangers zone.
12:51 of 3rd period - J.T. Miller is hit by Adam Pelech and loses puck.
13:41 of 3rd period - Minor Penalty to Tyler Myers for Holding.
13:42 of 3rd period - Brayden Schenn wins face-off versus Curtis Lazar in Penguins zone.
15:41 of 3rd period - Penalty to Tyler Myers is over, Tyler Myers is back on ice.
15:54 of 3rd period - Minor Penalty to Erik Karlsson for High sticking.
15:55 of 3rd period - Auston Matthews wins face-off versus Pierre-Edouard Bellemare in Rangers zone.
16:19 of 3rd period - Icing by Cale Makar.
16:20 of 3rd period - Pierre-Edouard Bellemare wins face-off versus Auston Matthews in Penguins zone.
16:35 of 3rd period - Slapshot by Auston Matthews.
16:35 of 3rd period - Stopped by Alex Nedeljkovic with a rebound.
16:43 of 3rd period - Slapshot by J.T. Miller.
16:43 of 3rd period - Stopped by Alex Nedeljkovic with a rebound.
16:45 of 3rd period - Snap shot by Cale Makar.
16:45 of 3rd period - Shot Misses the Net.
16:59 of 3rd period - Wrist shot by Auston Matthews.
16:59 of 3rd period - Deflect By Mikael Granlund.
16:59 of 3rd period - Shot Misses the Net.
16:59 of 3rd period - Puck is out of play.
17:00 of 3rd period - Riley Sheahan wins face-off versus Tomas Tatar in Rangers zone.
17:00 of 3rd period - Riley Sheahan is hit by Chad Ruhwedel.
17:22 of 3rd period - Minor Penalty to Riley Sheahan for Hooking.
17:23 of 3rd period - Pierre-Edouard Bellemare wins face-off versus Auston Matthews in Rangers zone.
17:54 of 3rd period - Penalty to Erik Karlsson is over, Erik Karlsson is back on ice.
17:54 of 3rd period - Wrist shot by Patric Hornqvist.
17:54 of 3rd period - Deflect By Jesse Puljujarvi.
17:54 of 3rd period - Shot Misses the Net.
17:54 of 3rd period - Puck is out of play.
17:55 of 3rd period - Pierre-Edouard Bellemare wins face-off versus Tomas Tatar in Rangers zone.
19:22 of 3rd period - Penalty to Riley Sheahan is over, Riley Sheahan is back on ice.
Goals for this period are 0 for Rangers vs 2 for Penguins.
Shots for this period are 10 for Rangers vs 12 for Penguins.

Overtime #1


0:01 of 1st overtime period - Brayden Schenn wins face-off versus Auston Matthews in neutral zone.
0:07 of 1st overtime period - Snap shot by Kyle Connor.
0:07 of 1st overtime period - Shot Blocked by Tyler Myers.
0:09 of 1st overtime period - Snap shot by Kyle Connor.
0:09 of 1st overtime period - Stopped by Tuukka Rask with a rebound.
1:50 of 1st overtime period - Dmitry Orlov is hit by Jack Roslovic and loses puck.
1:56 of 1st overtime period - Icing by Dmitry Orlov.
1:57 of 1st overtime period - Sam Steel wins face-off versus Nazem Kadri in Penguins zone.
2:18 of 1st overtime period - Dmitry Orlov is hit by Jack Roslovic and loses puck.
2:27 of 1st overtime period - Snap shot by Nazem Kadri.
2:27 of 1st overtime period - Goal by Nazem Kadri - Rangers : 4 - Penguins : 3.
Goals for this period are 1 for Rangers vs 0 for Penguins.
Shots for this period are 2 for Rangers vs 0 for Penguins.